 Dungeon Crawl Stone Soup version 0.31-a0-1074-g0b22e4e0f1 (webtiles) character file.

Game seed: 10043523914517230079

5499 Sanktem7 the Cleaver (level 10, -9/90 HPs)
             Began as a Minotaur Fighter on Nov 30, 2023.
             Mangled by a wight
             ... wielding a +0 halberd
              (11 damage)
             ... on level 9 of the Dungeon.
             The game lasted 00:14:22 (8425 turns).

Sanktem7 the Cleaver (Minotaur Fighter)             Turns: 8425, Time: 00:14:22

Health: -9/90      AC: 13    Str: 24    XL:     10   Next: 42%
Magic:  0/9        EV:  8    Int:  5    God:
Gold:   458        SH:  6    Dex: 11    Spells: 9/9 levels left

rFire   . . .        S - +5 war axe {axe}
rCold   . . .        c - +0 buckler
rNeg    . . .        m - +0 chain mail
rPois   +            (helmet restricted)
rElec   .            b - +0 cloak
rCorr   .            (no gloves)
SInv    .            I - +0 pair of boots
Will    .....        F - amulet of guardian spirit Stlth
                     s - ring of poison resistance
HPRegen 0.35/turn    y - ring of flight
MPRegen 0.11/turn

%: guardian spirit
@: flying
A: horns 2, retaliatory headbutt
a: no special abilities


You were on level 9 of the Dungeon.
You visited 2 branches of the dungeon, and saw 10 of its levels.
You also visited: Ossuary.

You collected 458 gold pieces.


Innate Abilities, Weirdness & Mutations

You have a pair of horns on your head.
You reflexively headbutt those who attack you in melee.


   Skills:
 + Level 8.5 Fighting
 * Level 11.2 Axes
 + Level 6.3 Throwing
 + Level 8.3 Armour
 + Level 8.4 Shields


You had 9 spell levels left.
You didn't know any spells.
Your spell library contained the following spells:

 Spells                   Type           Power      Damage    Failure   Level
 Stone Arrow              Conj/Erth      0%         3d7       100%        3
 Animate Armour           Summ/Erth      0%         N/A       100%        4
 Alistair's Intoxication  Tmut/Pois      0%         N/A       100%        5
 Borgnjor's Vile Clutch   Necr/Erth      0%         N/A       100%        5
 Eringya's Noxious Bog    Tmut/Pois      0%         4d6       100%        6
 Lehudib's Crystal Spear  Conj/Erth      0%         10d2      100%        8

Inventory:

Hand Weapons
 t - a +1 whip of electrocution {mace}
   (You took it off Robin on level 3 of the Dungeon)
 S - a +5 war axe (weapon) {axe}
   (You took it off a wight on level 8 of the Dungeon)
Missiles
 g - 14 poisoned darts {throwing}
 h - 61 stones {throwing}
 u - 2 curare-tipped darts {=fthrowing}
 w - 3 boomerangs {throwing}
 L - 4 datura-tipped darts {throwing}
Armour
 b - a +0 cloak (worn)
   (You found it on level 2 of the Dungeon)
 c - a +0 buckler (worn)
 m - a +0 chain mail (worn)
   (You found it on level 2 of the Dungeon)
 I - a +0 pair of boots (worn)
   (You found it on level 7 of the Dungeon)
Jewellery
 s - a ring of poison resistance (left hand)
   (You found it on level 3 of the Dungeon)
 y - a ring of flight (right hand)
   (You found it on level 4 of the Dungeon)
 F - an amulet of guardian spirit (around neck)
   (You found it on level 6 of the Dungeon)
Wands
 B - a wand of iceblast (8)
   (You took it off Ijyb on level 4 of the Dungeon)
 O - a wand of flame (29)
   (You found it on level 7 of the Dungeon)
Scrolls
 f - 8 scrolls of teleportation {@r4}
Potions
 a - a potion of attraction {unknown}
 d - 3 potions of might
 j - 8 potions of curing {@q1}
 l - a potion of heal wounds {unknown}
 o - 5 potions of haste {@q3}
 q - 5 potions of mutation {!q}
 z - 2 potions of invisibility
 N - a potion of ambrosia {unknown}
 P - a potion of cancellation {unknown}
 R - 3 potions of berserk rage {!q}

Dungeon Overview and Level Annotations

Branches:
Dungeon (9/15) Zot: 26858  Temple (1/1) D:5 Zot: 5970    Lair (0/5) D:8
Ossuary (visited)
    Orc: D:9-12

Altars:
Ashenzari
Cheibriados
Dithmenos
Elyvilon
Fedhas
Gozag
Hepliaklqana
Kikubaaqudgha
Makhleb
Nemelex Xobeh
Qazlal
Ru
Sif Muna
Trog
Uskayaw
Vehumet
Wu Jian
Xom
Yredelemnul
Zin
The Shining One

Shops:
D:5

[ #............# .#
#..........### ...
#.........## ###'###
#.........#
.......##.........##
#.....#.#.......)..#
#...#..#..........##
#.#...#...........#
#...z'@.[........#
#.#..○#..)........#
#...#..#..)....>..##
#.....#.#.......).##
.......##.........#
###'### #.........#
.c. ...........## ##
#..............
#.......!.....##


You could see a centaur warrior and a wight.


Message History

😕 HP[-2]
You take 2 damage, and now have 79/89 hp.
You slash the orc warrior!
You kill the orc warrior!
You slash the steam dragon! The steam dragon barely misses you.
You furiously retaliate!
You headbutt the steam dragon.
The steam dragon claws you but does no damage. 😕 HP[+1]
A wraith comes into view.
You block the orc's attack.
Things that are here:
a +0 hand axe {axe}; a +0 chain mail You closely miss the orc.
You slash the steam dragon!
You kill the steam dragon!
The steam dragon scales are intact enough to wear.
The orc closely misses you. The orc hits you but does no damage.
Your Axes skill increases to level 11! 😕 HP[+1]
You now have 90 max hp (+1).
You slash the orc!
You kill the orc! 😕 HP[+1]
You slash the orc!
You kill the orc!
Items here: ))) [ †.
The wraith hits you but does no damage. 😕 HP[+1]
You block the wraith's attack.
You hit the wraith. Your headbutt misses the wraith.
The wraith barely misses you.
You closely miss the wraith. Your headbutt misses the wraith.
The wraith barely misses you. 😕 HP[+1]
You hit the wraith. The wraith closely misses you. You furiously retaliate!
You headbutt the wraith! You slash the wraith! You block the wraith's attack.
You slice the wraith!!
You destroy the wraith! 😕 HP[+1]
A tengu conjurer comes into view. 😕 HP[+1]
A tengu conjurer is nearby!
A tengu conjurer is nearby!
The tengu conjurer shouts!
No target in view!
No target in view!
No target in view!
No target in view!
A wight comes into view. It is wielding a +0 halberd.
The tengu conjurer mumbles some strange words.
A battlesphere comes into view.
A centaur warrior opens the door.
There is an open door here. 😕 HP[+1]
The centaur warrior shouts!
You slash the tengu conjurer!
The centaur warrior wields a +0 orcbow.
The centaur warrior shoots an arrow.
The arrow hits you! The tengu conjurer closely misses you.
You block the tengu conjurer's attack.
The tengu conjurer barely misses you. 😕 HP[-10] MP[-1]
You take 10 damage, and now have 77/90 hp.
You lost 1 mp, and now have 8/9 mp.
You hit the tengu conjurer.
Your headbutt misses the tengu conjurer.
The centaur warrior shoots an arrow.
You block the arrow.
The centaur warrior shoots an arrow.
The arrow hits you! 😮 HP[-12] MP[-1]
You take 12 damage, and now have 65/90 hp.
You lost 1 mp, and now have 7/9 mp.
You slice the tengu conjurer!!
You kill the tengu conjurer!
The battlesphere dissipates.
The centaur warrior shoots an arrow.
The arrow hits you! 😮 HP[-13] MP[-2]
You take 13 damage, and now have 52/90 hp.
You lost 2 mp, and now have 5/9 mp.
The centaur warrior shoots an arrow.
The arrow hits you!
* * * LOW HITPOINT WARNING * * *
The wight hits you with a +0 halberd.
* * * LOW HITPOINT WARNING * * *
The centaur warrior shoots an arrow.
The arrow hits you!
* * * LOW HITPOINT WARNING * * *
You see here a tengu corpse. 😨 HP[-22] MP[-2]
You take 22 damage, and now have 30/90 hp.
MASSIVE DAMAGE!! (PAUSE)
You lost 2 mp, and now have 3/9 mp.
The wight closely misses you.
The centaur warrior shoots an arrow.
The arrow hits you!
* * * LOW HITPOINT WARNING * * *
You hear a shout!
There is an open door, spattered with blood here. 😱 HP[-13] MP[-2]
You take 13 damage, and now have 17/90 hp.
You lost 2 mp, and now have 1/9 mp.
The centaur warrior shoots an arrow.
The arrow hits you!
* * * LOW HITPOINT WARNING * * *
The wight attacks as it pursues you!
The wight hits you from afar with a +0 halberd!
You die...

Skill      XL: |  1  2  3  4  5  6  7  8  9 10 |
---------------+-------------------------------+-----
Axes           | 3 4 5 6 8 10 11 | 11.2
Armour         | 4 5 6 7 8 |  8.3
Shields        | 4 5 6 7 8 |  8.4
Throwing       | 1 2 3 4 5 6 |  6.3
Fighting       | 4 5 6 8 |  8.5

Action                     |  1- 3 |  4- 6 |  7- 9 | 10-12 || total
---------------------------+-------+-------+-------+-------++-------
  Melee: War axe           |    95 |   109 |   341 |    65 ||   610
         Headbutt          |    11 |    20 |    65 |    12 ||   108
    Use: Scroll            |       |       |       |    16 ||    16
 Armour: Scale mail        |    37 |       |       |       ||    37
         Chain mail        |    21 |   108 |   273 |    52 ||   454
  Dodge: Dodged            |    49 |    67 |   107 |    18 ||   241
  Block: Buckler           |    18 |    39 |    89 |    18 ||   164

Levels and vault maps discovered:
D:1:      dpeg_arrival_radiant, layout_loops_ring, columned_hall_lemuel
D:2:      layout_basic, basic_altar, kennysheep_generic_room_8, uniq_jessica
D:3:      layout_rooms, mainiacjoe_overflow_alcove_3,
          hellmonk_ecumenical_altar_inner_sanctum, uniq_robin, uniq_terence
D:4:      kennysheep_goblin_castle, layout_gridville, uniq_eustachio,
          uniq_natasha, uniq_ijyb
D:5:      layout_loops_cross, minmay_temple_entry_wispy, serial_shops, shop
D:6:      layout_rooms, ashenzari_conservatory_becter,
          mainiacjoe_ossuary_entry_find_the_door
D:7:      layout_loops_ring, fedhas_altar_decomposition, roderic_lattice_a,
          uniq_duvessa
D:8:      layout_loops_ring, nicolae_tso_besieged_by_evil,
          mainiacjoe_overflow_small_starburst, lair_entry_dummy
D:9:      minmay_the_grid_3x2 [minmay_the_grid_mess,
          minmay_the_grid_broken_lines, minmay_the_grid_odd_star,
          minmay_the_grid_x, minmay_the_grid_rooms,
          minmay_the_grid_prize_four_corners], layout_layer_cave, serial_shops,
          nicolae_square_shop, serial_bayou_lagoon_a, minmay_circle_x
Temple:   dshaligram_water_room_temple

Notes
Turn   | Place    | Note
-------+----------+-------------------------------------------
     0 | D:1      | Sanktem7 the Minotaur Fighter began the quest for the Orb.
     0 | D:1      | Reached XP level 1. HP: 19/19 MP: 0/0
     0 | D:1      | magus.rc [v1.9.6]
   207 | D:1      | Reached XP level 2. HP: 27/27 MP: 1/1
   421 | D:1      | Reached skill level 3 in Axes
   845 | D:2      | Reached XP level 3. HP: 29/33 MP: 2/2
   898 | D:2      | Reached skill level 4 in Armour
   910 | D:2      | Reached skill level 4 in Shields
  1404 | D:2      | Found a blossoming altar of Fedhas.
  1536 | D:2      | Reached skill level 1 in Throwing
  1961 | D:2      | Reached skill level 4 in Fighting
  2029 | D:2      | Noticed Jessica
  2037 | D:2      | Killed Jessica
  2038 | D:2      | Reached XP level 4. HP: 39/40 MP: 3/3
  2126 | D:3      | Noticed Terence
  2140 | D:3      | Killed Terence
  2141 | D:3      | Reached skill level 4 in Axes
  2443 | D:3      | Found a glowing silver altar of Zin.
  2444 | D:3      | Found a shimmering altar of Xom.
  2445 | D:3      | Found a shadowy altar of Dithmenos.
  2445 | D:3      | Found a sacrificial altar of Ru.
  2490 | D:3      | You pick up a book of Armaments and begin reading...
  2490 | D:3      | You add the spells Stone Arrow, Animate Armour and
                  | Lehudib's Crystal Spear to your library.
  2554 | D:3      | Noticed Robin
  2569 | D:3      | Killed Robin
  2570 | D:3      | Reached XP level 5. HP: 33/46 MP: 4/4
  2705 | D:3      | Found a faded altar of an unknown god.
  2855 | D:4      | Noticed Natasha
  2864 | D:4      | Killed Natasha
  2909 | D:4      | Reached skill level 2 in Throwing
  2913 | D:4      | HP: 5/47 [iguana (9)]
  2916 | D:4      | Reached skill level 5 in Axes
  2916 | D:4      | Reached XP level 6. HP: 7/53 MP: 5/5
  3468 | D:4      | Noticed Eustachio
  3476 | D:4      | Reached skill level 5 in Fighting
  3476 | D:4      | Reached skill level 5 in Armour
  3476 | D:4      | Reached skill level 5 in Shields
  3492 | D:4      | Killed Eustachio
  3493 | D:4      | Reached skill level 6 in Axes
  3493 | D:4      | Reached XP level 7. HP: 30/61 MP: 6/6
  3623 | D:4      | Noticed Ijyb
  3631 | D:4      | Killed Ijyb
  3671 | D:4      | Reached skill level 3 in Throwing
  3792 | D:4      | Noticed Natasha
  3798 | D:4      | Killed Natasha
  3971 | D:5      | Entered Level 5 of the Dungeon
  4151 | D:5      | Found Paes's Antique Armour Shoppe.
  4185 | D:5      | Found a staircase to the Ecumenical Temple.
  4565 | Temple   | Entered the Ecumenical Temple
  4662 | D:6      | Found a sand-covered staircase.
  4670 | D:6      | Reached XP level 8. HP: 70/70 MP: 7/7
  4677 | D:6      | Reached skill level 7 in Axes
  4684 | Ossuary  | Entered an ossuary
  4779 | Ossuary  | Reached skill level 6 in Fighting
  4779 | Ossuary  | Reached skill level 6 in Shields
  4863 | D:6      | Reached skill level 6 in Armour
  4969 | D:6      | Reached skill level 4 in Throwing
  5050 | D:6      | Found a broken altar of Ashenzari.
  5157 | D:6      | Reached skill level 8 in Axes
  5623 | D:7      | Found a blossoming altar of Fedhas.
  5750 | D:7      | Noticed Duvessa
  5753 | D:7      | Reached XP level 9. HP: 27/75 MP: 3/8
  5762 | D:7      | Killed Duvessa
  5770 | D:7      | Noticed Dowan
  5772 | D:7      | HP: 19/78 [Dowan/+0 dagger (3)]
  5774 | D:7      | Killed Dowan
  6130 | D:7      | Reached skill level 7 in Fighting
  6306 | D:7      | Reached skill level 9 in Axes
  6306 | D:7      | Reached skill level 7 in Shields
  6314 | D:7      | Reached skill level 7 in Armour
  6587 | D:7      | Reached skill level 5 in Throwing
  7218 | D:8      | Reached skill level 10 in Axes
  7350 | D:8      | Reached skill level 8 in Fighting
  7352 | D:8      | Reached XP level 10. HP: 75/88 MP: 7/9
  7366 | D:8      | Reached skill level 8 in Shields
  7494 | D:8      | Found a glowing golden altar of the Shining One.
  7508 | D:8      | You add the spells Alistair's Intoxication, Borgnjor's Vile
                  | Clutch and Eringya's Noxious Bog to your library.
  7729 | D:8      | Found a burning altar of Makhleb.
  7764 | D:8      | Reached skill level 6 in Throwing
  7787 | D:8      | Found a staircase to the Lair.
  8078 | D:8      | Reached skill level 8 in Armour
  8404 | D:9      | Reached skill level 11 in Axes
  8420 | D:9      | Noticed a centaur warrior
  8424 | D:9      | HP: 17/90 [centaur warrior/arrow (13)]
  8425 | D:9      | HP: 2/90 [centaur warrior/arrow (16)]
  8425 | D:9      | Mangled by a wight

Vanquished Creatures
  A tengu conjurer (D:9)
  A wraith (D:9)
  A shadow (D:9)
  Eustachio (D:4)
  6 yaks (D:8)
  2 steam dragons
  A water moccasin (D:6)
  Duvessa (D:7)
  3 orc warriors
  An ogre (D:4)
  2 black bears
  A centaur (D:9)
  A phantom (D:5)
  2 kobold brigands (D:8)
  2 bullfrogs
  5 necrophages (D:7)
  3 scorpions
  12 wights
  Dowan (D:7)
  5 howler monkeys
  A crimson imp (D:8)
  3 centaur zombies (Ossuary)
  2 jellies
  3 hounds
  A bullfrog zombie (D:7)
  3 orc priests
  A sleepcap (D:6)
  Jessica (D:2)
  Ijyb (D:4)
  Terence (D:3)
  Natasha (twice) (D:4)
  4 iguanas
  2 orc wizards
  6 scorpion zombies (D:6)
  A killer bee zombie (D:7)
  4 mummies (Ossuary)
  Robin (D:3)
  3 gnolls (D:4)
  A howler monkey skeleton (D:6)
  8 adders
  A shadow imp (D:8)
  2 ufetubi (D:7)
  A worm (D:4)
  3 dart slugs
  14 orcs
  4 bats
  8 endoplasms
  4 giant cockroaches
  21 goblins
  7 hobgoblins
  5 jackals
  4 quokkas
  5 ball pythons
  3 frilled lizards
  3 goblin skeletons (D:8)
  6 hobgoblin zombies (Ossuary)
  15 kobolds
  2 kobold skeletons (D:8)
  2 kobold zombies (D:8)
  An orc skeleton (D:8)
  5 rats
217 creatures vanquished.

Table legend:
 A = Non-vault XP
 B = Vault XP
 C = Vault XP percentage of total XP
 D = Non-vault monster count
 E = Vault monster count
 F = Vault count percentage of total count
                 A         B        C        D         E       F
            +---------+---------+-------+---------+---------+-------
      Total |    5292 |    2565 |  32.6 |     146 |      71 |  32.7
            +---------+---------+-------+---------+---------+-------
        D:1 |      39 |       0 |   0.0 |      22 |       0 |   0.0
        D:2 |      41 |      38 |  48.1 |      19 |       2 |   9.5
        D:3 |      14 |      71 |  83.5 |       8 |      12 |  60.0
        D:4 |     422 |     412 |  49.4 |      23 |      14 |  37.8
        D:5 |     271 |       0 |   0.0 |      11 |       0 |   0.0
        D:6 |     546 |     225 |  29.2 |      12 |       7 |  36.8
        D:7 |    1192 |     714 |  37.5 |      18 |       9 |  33.3
        D:8 |    2218 |      56 |   2.5 |      27 |       9 |  25.0
        D:9 |     549 |     834 |  60.3 |       6 |       5 |  45.5
    Ossuary |       0 |     215 | 100.0 |       0 |      13 | 100.0
            +---------+---------+-------+---------+---------+-------

Skill      XL: |  1  2  3  4  5  6  7  8  9 10 |
---------------+-------------------------------+-----
Axes           | 3 4 5 6 8 10 11 | 11.2
Armour         | 4 5 6 7 8 |  8.3
Shields        | 4 5 6 7 8 |  8.4
Throwing       | 1 2 3 4 5 6 |  6.3
Fighting       | 4 5 6 8 |  8.5

Action                     |  1- 3 |  4- 6 |  7- 9 | 10-12 || total
---------------------------+-------+-------+-------+-------++-------
  Melee: War axe           |    95 |   109 |   341 |    65 ||   610
         Headbutt          |    11 |    20 |    65 |    12 ||   108
    Use: Scroll            |       |       |       |    16 ||    16
 Armour: Scale mail        |    37 |       |       |       ||    37
         Chain mail        |    21 |   108 |   273 |    52 ||   454
  Dodge: Dodged            |    49 |    67 |   107 |    18 ||   241
  Block: Buckler           |    18 |    39 |    89 |    18 ||   164

Illustrated notes

Table legend:
 A = Kills in this place as a percentage of kills in the entire game.
 B = Kills by you in this place as a percentage of kills by you in the entire game.
 C = Kills by friends in this place as a percentage of kills by friends in the entire game.
 D = Other kills in this place as a percentage of other kills in the entire game.
 E = Experience gained in this place as a percentage of experience gained in the entire game.
 F = Experience gained in this place divided by the number of levels of this place that you have seen.
                   A       B       C       D       E      F
               +-------+-------+-------+-------+-------+----------------------
         Total | 100.0 | 100.0 |   N/A |   N/A | 100.0 | 714.3
       Dungeon |  94.0 |  94.0 |   N/A |   N/A |  97.3 | 849.1
       Ossuary |   6.0 |   6.0 |   N/A |   N/A |   2.7 | 215.0
               +-------+-------+-------+-------+-------+----------------------

Table legend: (Time is in decaauts)
 A = Elapsed time spent in this place.
 B = Non-inter-level travel time spent in this place.
 C = Inter-level travel time spent in this place.
 D = Time resting spent in this place.
 E = Time spent auto-exploring this place.
 F = Levels seen in this place.
 G = Mean time per level.
                   A        B        C        D        E       F      G
               +--------+--------+--------+--------+--------+-----+--------+
         Total |   8528 |   8374 |    154 |    212 |   6741 |  11 |  775.3 |
       Dungeon |   8356 |   8202 |    154 |    212 |   6651 |   9 |  928.4 |
        Temple |     29 |     29 |      0 |      0 |      0 |   1 |   29.0 |
       Ossuary |    142 |    142 |      0 |      0 |     90 |   1 |  142.0 |
               +--------+--------+--------+--------+--------+-----+--------+

Top non-repeatable levels by time:
     D:7: 1636 daAuts
     D:2: 1320 daAuts
     D:4: 1201 daAuts
     D:8: 1163 daAuts
     D:1: 840 daAuts
     D:6: 755 daAuts
     D:3: 680 daAuts
     D:5: 616 daAuts
 Ossuary: 142 daAuts
     D:9: 140 daAuts
  Temple: 29 daAuts
